 Dungeon Crawl Stone Soup version 0.16-a0-747-geaeaf20 (webtiles) character file.

47 PolkaDot the Caller (level 3, -3/24 HPs)
             Began as a Vampire Summoner on Sept 23, 2014.
             Slain by an orc
             ... wielding a +0 flail
              (7 damage)
             ... on Level 3 of the Dungeon.
             The game lasted 00:05:24 (2224 turns).

PolkaDot the Caller (Vampire Summoner)              Turns: 2224, Time: 00:05:25

HP  -3/24        AC  2     Str  7      XL: 3   Next: 48%
MP   3/6         EV 12     Int 18      God:
Gold 147         SH  0     Dex 14      Spells:  3 memorised,  0 levels left

rFire  . . .     SeeInvis +     m - -3 dagger (curse)
rCold  . . .     Clarity  .     a - +0 robe
rNeg   . . .     rCorr    .     (no shield)
rPois  .         rRot     .     (no helmet)
rElec  .         Spirit   .     (no cloak)
SustAb .         Warding  .     (no gloves)
rMut   .         Stasis   .     (no boots)
Gourm  .                        (no amulet)
MR     .....                    (no ring)
                                (no ring)

@: regenerating quickly, not resistant to hostile enchantments, unstealthy
A: fangs 3, see invisible, unbreathing
a: no special abilities


You were on level 3 of the Dungeon.
You were very full.

You visited 1 branch of the dungeon, and saw 3 of its levels.

You collected 147 gold pieces.

Inventory:

Hand weapons
 c - a +0 dagger
 d - a -2 dagger
 k - a +0 spear
 m - a cursed -3 dagger (weapon)
Armour
 a - a +0 robe (worn)
Scrolls
 g - 2 scrolls of recharging {unknown}
 n - a scroll of remove curse
Potions
 e - a potion of restore abilities
 f - a potion of flight {unknown}
 h - a potion of cancellation {unknown}
 i - 3 potions of heal wounds {unknown}
 j - a potion of degeneration {unknown}
 l - a potion of curing {unknown}
Books
 b - a book of Callings

   Spells                             Type                      Level
   *Summon Small Mammal               Summoning                    1
   *Call Imp                          Summoning                    2
   *Call Canine Familiar              Summoning                    3
   Summon Guardian Golem              Hexes/Summoning              4
   Summon Lightning Spire             Summoning/Air                4
   Summon Ice Beast                   Ice/Summoning                4


   Skills:
 - Level 2.1 Dodging
 - Level 3.0 Stealth
 - Level 2.0 Spellcasting
 * Level 5.3 Summonings


You couldn't memorise any spells.
You knew the following spells:

 Your Spells              Type           Power        Failure   Level  Hunger
a - Summon Small Mammal   Summ           ###.         1%          1    #......
d - Call Canine Familiar  Summ           ###.....     10%         3    ####...
s - Call Imp              Summ           ###.....     3%          2    ##.....


Dungeon Overview and Level Annotations

Branches:
Dungeon (3/15)

Altars:
Ashenzari
Elyvilon
Makhleb
Trog
Xom
Zin


Innate Abilities, Weirdness & Mutations

Your natural rate of healing is unusually fast.
You have razor-sharp teeth.
You have supernaturally acute eyesight.
You can survive without breathing.


Message History

g - 2 scrolls labeled QOKLEI QEZOLEL (gained 1)
An orc comes into view. It is wielding a flail.
The orc shouts!
You closely miss the orc. The orc hits you with a flail.
You closely miss the orc. You hit the orc.
The orc is lightly wounded.
The orc hits you with a flail!
You hit the orc.
The orc is moderately wounded.
The orc hits you with a flail.
* * * LOW HITPOINT WARNING * * *
You closely miss the orc.
The orc is moderately wounded.
The orc hits you with a flail!
* * * LOW HITPOINT WARNING * * *
Casting: Summon Small Mammal
Confirm with . or Enter, or press ? or * to list all spells.
The orc hits you with a flail!
You die...

### #.# #.###.# ###
####..##.## ...###
###..#......###.....##.
......%...............
...#####...#####.....
...# ###...# #h.#
..####.....######..#
.####..###......@..#
......## #...####o###
.###### #.....##<..#
<#########..##.####...#
..<........###.######..#
#########..........## .#
##..###.###..# # ##..?#
#..###......# #####..#.#
##.#######..#


You could see an orc and a friendly hound.

Vanquished Creatures
  A worm (D:2)
  A ball python (D:1)
  6 bats
  A giant cockroach (D:1)
  A hobgoblin (D:1)
  6 kobolds
  A quokka (D:2)
  A giant newt (D:1)
  7 goblins
  6 rats
31 creatures vanquished.

Vanquished Creatures (collateral kills)
  Jessica (D:2)
  3 hobgoblins
  A kobold (D:1)
  A giant newt (D:1)
6 creatures vanquished.

Vanquished Creatures (others)
  A hobgoblin (D:2)
1 creature vanquished.

Grand Total: 38 creatures vanquished

Notes
Turn   | Place    | Note
--------------------------------------------------------------
     0 | D:1      | PolkaDot, the Vampire Summoner, began the quest for the Orb.
     0 | D:1      | Reached XP level 1. HP: 13/13 MP: 3/3
   496 | D:1      | Reached XP level 2. HP: 19/19 MP: 4/4
  1369 | D:2      | Found a white marble altar of Elyvilon.
  1627 | D:2      | Reached skill level 5 in Summonings
  1627 | D:2      | Reached XP level 3. HP: 18/24 MP: 6/6
  1632 | D:2      | Learned a level 3 spell: Call Canine Familiar
  1635 | D:2      | Learned a level 2 spell: Call Imp
  1723 | D:2      | Noticed Jessica
  1725 | D:2      | Found a shattered altar of Ashenzari.
  1749 | D:2      | Killed Jessica
  1763 | D:2      | Found a glowing silver altar of Zin.
  1766 | D:2      | Found a burning altar of Makhleb.
  1766 | D:2      | Found a shimmering altar of Xom.
  1772 | D:2      | Found a bloodstained altar of Trog.
  2224 | D:3      | Slain by an orc

Action                   || total
-------------------------++-------
Melee: Dagger            ||   195
 Cast: Summon Small Mamm ||    16
       Call Canine Famil ||     2
  Use: Potion            ||     1
       Scroll            ||     8
 Stab: Sleeping          ||     4
  Eat: Corpse            ||    11
